Map: Prion Terraces

Players

Skallepär

  • Race: Zerg Zerg
  • League: Master

MythiC - Winner!

  • Race: Terran Terran
  • League: Grandmaster

VOD

Have the link to the VOD?

Description

Time

  • Played on: Jan. 7, 2016, 7:14 p.m.
  • Length: 23:36
Show
View Real Time Build Order
Export as new Build Order

Skallepär Zerg 

Build Orders: Hatch First 

Get SALT Encoding   

  12  0:01  Drone  
  13  0:08  Drone  
  14  0:20  Overlord  
  14  0:27  Extractor  
  13  0:28  Extractor  
  13  0:29  Drone x2  
  16  0:44  Drone  
  17  0:55  Hatchery  
  16  1:01  Drone  
  17  1:06  Drone  
  18  1:15  Spawning Pool  
  17  1:18  Drone  
  17  1:21  Extractor  
  17  1:29  Drone  
  18  1:38  Drone  
  19  1:48  Drone  
  20  1:59  Overlord  
  20  2:02  Queen  
  20  2:07  Queen  
  20  2:08  Zergling x2  
  25  2:10  Zergling x2  
  26  2:19  Zergling x2  
  26  2:20  Drone  
  26  2:22  Metabolic Boost  
  28  2:37  Drone x2  
  28  2:42  Queen  
  28  2:43  Overlord  
  31  2:49  Zergling x2  
  32  2:53  Roach Warren  
  32  2:57  Zergling x2  
  32  2:58  Zergling x2  
  33  3:03  Zergling x2  
  34  3:11  Zergling x2  
  32  3:17  Zergling x6  
  32  3:18  Overlord  
  29  3:35  Roach x4  
  36  3:49  Drone x2  
  36  3:50  Drone x2  
  36  3:52  Roach  
  42  4:06  Roach x2  
  42  4:08  Drone x2  
  44  4:17  Zergling x6  
  44  4:29  Zergling x4  
  44  4:41  Zergling x10  
  44  4:45  Roach  
  51  4:48  Overlord  
  51  4:51  Ravager  
  50  5:09  Drone x2  
  50  5:10  Drone  
  52  5:15  Drone x2  
  52  5:17  Drone x2  
  52  5:18  Drone x2  
  57  5:31  Drone x2  
  57  5:33  Overlord  
  57  5:35  Hatchery  
  58  5:39  Overlord  
  58  5:46  Roach  
  58  5:48  Lair  
  58  5:50  Extractor  
  58  5:51  Extractor  
  58  5:53  Roach x2  
  60  5:58  Drone x2  
  62  6:04  Drone  
  62  6:05  Drone x3  
  66  6:14  Roach  
  68  6:25  Roach x3  
  74  6:27  Drone  
  74  6:40  Overlord  
  74  6:45  Overlord x2  
  74  6:46  Glial Reconstitution  
  74  6:48  Queen  
  74  6:50  Ravager  
  77  6:56  Drone x3  
  77  6:57  Drone  
  77  6:58  Roach  
  77  6:59  Roach x2  
  82  7:21  Roach x2  
  82  7:22  Roach  
  84  7:23  Drone x5  
  84  7:27  Drone x2  
  84  7:28  Zergling x4  
  84  7:29  Evolution Chamber  
  92  7:36  Drone x4  
  96  7:40  Extractor  
  96  7:44  Evolution Chamber  
  94  7:46  Drone x2  
  94  7:47  Drone  
  97  7:52  Overlord  
  97  7:55  Zerg Missile Weapons Level 1  
  95  8:18  Extractor  
  95  8:19  Hatchery  
  93  8:20  Extractor  
  93  8:23  Zerg Ground Armor Level 1  
  93  8:25  Drone x2  
  93  8:26  Zergling x12  
  93  8:27  Zergling x8  
  104  8:28  Overlord  
  104  8:41  Queen  
  102  9:09  Drone  
  101  9:10  Drone x2  
  101  9:11  Drone x8  
  101  9:12  Drone x2  
  101  9:15  Infestation Pit, Roach  
  113  9:17  Overlord x2  
  113  9:23  Overlord  
  113  9:31  Overlord x2  
  113  9:32  Roach  
  113  9:33  Roach x2  
  112  9:46  Roach x9  
  130  9:54  Pathogen Glands  
  130  9:58  Ravager x2  
  130  9:59  Ravager x12  
  144  10:00  Overlord  
  144  10:01  Zergling x2, Overlord x2  
  144  10:02  Queen, Zergling x8  
  151  10:13  Overlord  
  151  10:15  Overlord  
  151  10:16  Overlord  
  151  10:17  Overlord  
  151  10:18  Overlord  
  151  10:19  Roach  
  151  10:20  Roach  
  155  10:22  Infestor x2  
  155  10:26  Zergling x14  
  155  10:27  Extractor x2  
  116  10:48  Roach x7  
  116  10:49  Roach x2  
  125  10:53  Infestor  
  125  10:55  Drone x3  
  125  10:56  Drone  
  131  10:57  Zergling x6  
  131  10:58  Zerg Missile Weapons Level 2  
  134  11:08  Overlord  
  134  11:12  Zergling x10  
  139  11:20  Zergling x8  
  139  11:21  Ravager  
  139  11:22  Ravager x4  
  148  11:31  Zergling x20  
  150  11:48  Drone  
  151  11:57  Hive  
  151  11:58  Zerg Ground Armor Level 2  
  151  12:02  Infestor  
  151  12:03  Infestor x2  
  151  12:06  Zergling x10  
  151  12:07  Zergling x8  
  165  12:35  Overlord x2  
  165  12:36  Zergling x2  
  170  12:37  Zergling x26  
  170  12:42  Burrow  
  176  12:57  Zergling x2  
  176  12:58  Zergling x24  
  159  13:08  Zergling x16  
  153  13:18  Overseer  
  153  13:22  Ultralisk Cavern  
  153  13:23  Hatchery  
  153  13:24  Zergling x2  
  153  13:25  Zergling x10  
  137  14:03  Zerg Melee Weapons Level 1  
  137  14:09  Ultralisk x9  
  186  14:19  Spore Crawler x3  
  180  14:27  Hatchery  
  177  14:34  Hatchery  
  156  14:48  Ultralisk x2  
  162  15:08  Ultralisk Cavern  
  161  15:18  Overlord  
  161  15:19  Viper x2, Overlord x2  
  167  15:25  Evolution Chamber  
  167  15:26  Evolution Chamber  
  165  15:38  Viper  
  165  15:39  Viper  
  171  15:42  Extractor  
  171  15:47  Extractor  
  169  15:56  Chitinous Plating  
  140  16:20  Ultralisk x2  
  105  16:35  Zergling x16  
  105  16:37  Infestor  
  105  16:38  Infestor x2  
  104  16:44  Zergling x6  
  101  16:51  Drone x3  
  104  16:56  Infestor  
  106  17:09  Ultralisk  
  107  17:27  Ultralisk  
  107  17:29  Viper  
  116  17:39  Drone x3  
  119  17:49  Zergling x8  
  119  17:50  Zergling x4  
  123  17:55  Evolution Chamber  
  122  18:13  Ultralisk  
  122  18:17  Drone x4  
  131  18:30  Ultralisk  
  131  18:31  Zergling x2  
  131  18:32  Zergling x4  
  138  18:36  Zergling x4  
  130  19:01  Ultralisk  
  127  19:04  Zergling x2  
  127  19:05  Zergling x12  
  117  19:55  Hatchery  
  117  19:56  Ultralisk x2  
  115  20:41  Ultralisk  
  116  20:46  Hatchery  
  112  21:07  Zergling x8  
  113  22:02  Viper  
  113  22:03  Viper  
  119  22:42  Hatchery  
  119  22:45  Extractor  
  119  22:50  Drone x4  
  119  22:51  Drone  
Show
View Real Time Build Order
Export as new Build Order

MythiC Terran - Winner!

Build Orders: MMM Bio 

Get SALT Encoding   

  12  0:00  SCV  
  13  0:12  SCV  
  14  0:17  Supply Depot  
  14  0:25  SCV  
  14  0:28  Refinery  
  15  0:39  SCV  
  16  0:46  Barracks  
  16  0:51  SCV  
  17  1:01  Barracks  
  17  1:06  SCV  
  18  1:18  SCV  
  19  1:24  Barracks  
  19  1:30  SCV  
  20  1:33  Reaper  
  21  1:41  Supply Depot  
  21  1:49  Reaper, Refinery  
  22  2:05  Reaper  
  23  2:08  Orbital Command  
  23  2:11  Reaper  
  24  2:17  Supply Depot  
  24  2:30  Reaper  
  25  2:37  Reaper  
  25  2:40  SCV  
  27  2:52  SCV  
  27  2:53  Reaper  
  29  3:02  Reaper  
  30  3:06  SCV  
  30  3:09  Reaper  
  32  3:25  Reaper  
  33  3:34  Reaper  
  33  3:35  SCV  
  33  3:37  Supply Depot  
  35  3:41  Reaper, Command Center  
  35  3:47  SCV  
  37  3:57  Reaper  
  37  3:59  SCV  
  38  4:06  Reaper  
  38  4:09  Supply Depot  
  39  4:11  SCV  
  39  4:13  Reaper  
  40  4:29  Reaper  
  40  4:30  SCV  
  40  4:38  Reaper  
  40  4:45  Reaper, Barracks x2  
  40  4:48  SCV  
  40  4:50  Command Center  
  42  4:54  Orbital Command  
  42  5:00  SCV  
  42  5:05  Reaper  
  43  5:10  Reaper  
  43  5:12  SCV  
  42  5:18  Reaper  
  42  5:20  SCV  
  43  5:21  Refinery  
  43  5:22  Refinery  
  43  5:27  SCV  
  44  5:29  Bunker  
  44  5:33  Reaper x2  
  46  5:37  Reaper, SCV  
  46  5:39  SCV  
  46  5:42  Reaper  
  50  5:49  SCV  
  51  5:52  SCV  
  52  6:01  SCV  
  52  6:02  Orbital Command  
  53  6:05  SCV  
  53  6:06  Factory  
  54  6:13  SCV  
  54  6:17  SCV  
  56  6:20  Barracks Tech Lab x2  
  56  6:22  Barracks Tech Lab  
  56  6:23  Barracks Reactor  
  56  6:29  Barracks Reactor  
  56  6:32  Engineering Bay  
  54  6:34  Engineering Bay  
  54  6:41  Marauder x2  
  54  6:42  Marauder  
  54  6:43  Stimpack, Combat Shields  
  54  6:45  SCV x2  
  62  6:54  Factory Reactor  
  62  6:55  SCV  
  62  6:57  SCV  
  62  6:58  Starport  
  64  7:02  Marine x2  
  65  7:21  Marauder x3, Marine x3  
  74  7:25  Marine  
  74  7:27  Concussive Shells  
  74  7:29  Supply Depot  
  75  7:30  Supply Depot, Terran Infantry Armor Level 1, Terran Infantry Weapons Level 1  
  75  7:34  SCV x2  
  77  7:38  Factory Tech Lab  
  77  7:39  Marine  
  77  7:40  Marine x2  
  80  7:46  SCV x2  
  80  7:49  Marauder, Marine  
  88  7:56  Orbital Command, Bunker, Marine  
  88  7:57  Bunker  
  88  7:58  SCV, Marine  
  90  8:00  Medivac x2  
  90  8:01  Refinery  
  92  8:10  SCV  
  94  8:12  SCV  
  94  8:14  Marauder, Marine x3  
  99  8:22  SCV x2  
  99  8:24  Siege Tank  
  104  8:32  Supply Depot x2, SCV  
  104  8:34  Supply Depot, Marine x2  
  105  8:38  Marauder  
  109  8:49  SCV, Marine  
  109  8:51  SCV  
  109  8:53  Marine x3  
  109  8:54  SCV, Marine x2  
  115  8:56  Siege Tank  
  115  8:59  Marauder  
  115  9:01  Medivac x2  
  122  9:04  SCV  
  121  9:12  Marine x3  
  121  9:13  Marauder x2  
  128  9:20  Supply Depot x2, SCV x2  
  128  9:21  SCV  
  128  9:22  Marauder  
  133  9:29  Supply Depot  
  133  9:34  Armory  
  133  9:39  Marine  
  133  9:40  Marine  
  133  9:41  Siege Tank, SCV, Marine  
  141  9:45  Marauder x2  
  141  9:46  Marauder, Medivac x2  
  145  9:54  Barracks  
  145  9:55  Factory  
  145  9:57  Refinery, Barracks  
  145  9:59  Supply Depot, Marine x4  
  148  10:00  Command Center  
  148  10:01  Supply Depot  
  151  10:07  Marauder  
  151  10:10  Marauder, Marine  
  154  10:17  Marine x3  
  154  10:21  Supply Depot, Siege Tank, Medivac x2, Marine  
  165  10:23  Supply Depot  
  165  10:28  Marauder, Marine  
  143  10:36  Marauder, Marine  
  143  10:37  Marine x2  
  143  10:39  Marine  
  132  10:46  Marauder  
  132  10:49  Marauder  
  124  10:51  Factory Tech Lab  
  124  10:52  Barracks Tech Lab  
  124  10:53  Siege Tank, Barracks Reactor  
  125  10:58  Marauder  
  127  11:04  Marine x3  
  127  11:05  Marine  
  127  11:07  Marauder  
  127  11:10  Marine  
  134  11:13  Marauder  
  134  11:14  Siege Tank  
  134  11:16  Medivac x2  
  143  11:18  Marine  
  143  11:20  Terran Infantry Weapons Level 2  
  143  11:21  Terran Infantry Armor Level 2  
  143  11:22  Marine x3  
  143  11:25  Siege Tank  
  149  11:32  Marauder x2, Marine x3  
  156  11:34  Marine  
  156  11:36  Marine  
  158  11:40  Marine  
  158  11:46  Siege Tank  
  143  11:48  Marine x2  
  143  11:52  Marauder  
  147  11:56  Marine x2  
  147  11:57  Marauder  
  147  11:59  Marauder, Marine x3  
  147  12:00  Siege Tank, Medivac x2  
  163  12:06  Marine  
  164  12:17  Marine x3  
  164  12:18  Siege Tank, Marauder  
  172  12:23  Marauder, Marine  
  172  12:27  Marauder, Marine x3  
  180  12:32  Siege Tank  
  180  12:35  Liberator x2  
  183  12:38  Marine x2  
  183  12:39  Marauder, Marine  
  190  12:50  Siege Tank  
  193  12:56  Marauder, Marine  
  196  13:04  Siege Tank  
  198  13:07  Marine  
  198  13:08  Marauder  
  192  13:17  Marine x3  
  192  13:18  Planetary Fortress, Marauder  
  197  13:21  Marine  
  197  13:22  Marauder  
  200  13:38  Terran Infantry Armor Level 3, Terran Infantry Weapons Level 3  
  199  13:54  Marine  
  198  14:29  Marine x2  
  198  14:30  Marauder  
  199  14:31  Marine  
  195  14:40  Marauder x2, Marine x2  
  197  14:49  Marine  
  197  14:50  Marauder, Marine x2  
  195  14:58  Marauder, Marine x2  
  195  14:59  Marine  
  197  15:00  Siege Tank  
  199  15:07  Marine  
  200  15:30  Orbital Command  
  199  16:10  Marauder, Marine  
  198  16:12  Marine  
  198  16:13  Marauder  
  198  16:14  Marine x2  
  198  16:15  Marauder  
  199  16:21  Marine  
  200  16:29  Marauder, Marine x2  
  200  16:30  Marine  
  200  16:31  Thor x2, Medivac x2  
  200  16:32  Marauder, Marine x2  
  163  16:42  Marauder, Marine x2  
  164  16:49  Marine x2  
  164  16:51  Marauder  
  163  16:54  Marine x2  
  163  16:55  Marauder  
  163  16:56  Marine  
  163  16:59  Marine  
  163  17:00  Marauder  
  171  17:01  Medivac x2  
  171  17:03  Marine  
  171  17:04  Barracks x2  
  171  17:05  Barracks  
  171  17:07  Marine  
  177  17:09  Refinery  
  177  17:11  Refinery, Marine  
  177  17:12  Refinery, Marauder, Marine x2  
  177  17:13  Factory  
  177  17:14  Siege Tank x2, Marine  
  189  17:16  Marauder  
  191  17:27  Marauder, Marine x2  
  191  17:28  Marauder  
  191  17:29  Marine  
  198  17:30  Marine  
  198  17:35  Marine  
  200  17:46  Command Center  
  200  17:56  Factory Tech Lab  
  200  17:57  Barracks Tech Lab x3  
  195  18:22  Marauder, Marine  
  186  18:28  Marine x2  
  186  18:29  Siege Tank x2, Marauder x2, Marine  
  186  18:30  Siege Tank  
  200  18:39  Starport  
  200  18:40  Starport  
  200  18:41  Starport  
  200  18:42  Starport  
  200  18:46  Liberator x2  
  180  19:04  Liberator  
  180  19:05  Siege Tank x2  
  190  19:16  Marauder, Marine  
  193  19:18  Marauder, Marine x3  
  193  19:21  Marauder x3  
  189  19:27  Marine x3  
  189  19:28  Marauder  
  183  19:33  Liberator  
  168  19:51  Marauder x2, Marine x8  
  183  20:01  Marine x2  
  183  20:02  Marauder  
  183  20:04  Refinery  
  183  20:06  Refinery  
  187  20:08  Command Center  
  187  20:09  Marine x6  
  187  20:10  Marauder x2  
  187  20:12  Marine  
  198  20:16  Marauder  
  198  20:20  Liberator  
  200  20:26  Liberator  
  191  20:28  Marine  
  191  20:29  Marauder  
  191  20:30  Marine x5  
  191  20:31  Marauder  
  191  20:32  Marauder, Marine x2  
  191  20:34  Marauder  
  196  20:36  Marine  
  194  20:46  Marine  
  194  20:48  Marine  
  196  20:50  Marauder  
  196  20:56  Command Center  
  195  21:04  Marauder, Marine x3  
  200  21:20  Planetary Fortress x2  
  200  21:24  Command Center  
  200  21:27  Command Center  
  200  21:45  Marine  
  199  22:04  Ghost Academy  
  199  22:14  Barracks Tech Lab  
  199  22:17  Marine  
Tags
 
Add a new tag
Caveats
  • Supply blocks, unpowered buildings, or Contaminate may cause inaccurate times.
  • Supply counts are checked every 10 seconds.